AoeStats
← bkg45

Nomad

509162765Analyzed
4v4 RM · 6d ago on Sep 25, 2026· 28m 28s· 8 players
Game mode
Random Map
Map size
231×231
Population
200
Speed
Normal
Resources
Standard
Victory
Conquest
Starting age
Dark Age
Ending age
Imperial Age
RankedLock teamsTeams togetherTeam positionsShared explorationLock speedFull tech treeHidden civsTurbo modeCheats
Victory
Defeat
🇺🇸 Danes · United States
1355
+11
🇺🇸 Varangians · United States
1304
+13
🇺🇸 Hindustanis · United States
1288
+14
🇫🇷 Byzantines · France
1239
+17
🇨🇳 Varangians · China
1277
-15
🇦🇺 Danes · Australia
1258
-14
🇳🇱 Georgians · Netherlands
1220
-13
Les Boyageur
13:09 Feudal Age
17:16 Castle Age
15:29 Double-Bit Axe
16:13 Horse Collar
16:40 Fletching
17:12 Fishing Lines
18:05 Bodkin Arrow
19:56 Gillnets
21:52 Bow Saw
21:42 Loom
21:43 Town Watch
24:09 Wheelbarrow
27:17 Ballistics
Alexiỗs
4:53 Loom
14:47 Feudal Age
18:59 Castle Age
16:56 Double-Bit Axe
19:41 Fishing Lines
20:13 Fletching
23:16 Gillnets
24:51 Horse Collar
Embers1000
7:26 Loom
12:47 Feudal Age
13:46 Double-Bit Axe
18:41 Castle Age
16:53 Horse Collar
18:18 Gold Mining
19:13 Scale Barding Armor
22:09 Bloodlines
bkg45
6:48 Loom
13:40 Feudal Age
14:21 Double-Bit Axe
19:32 Castle Age
17:17 Horse Collar
17:49 Fishing Lines
19:33 Forging
20:24 Medium Warships
20:35 Gillnets
21:36 Iron Casting
26:12 Wheelbarrow
27:43 Stone Mining
27:44 Gold Mining
King K. Rool
5:49 Loom
16:15 Feudal Age
18:13 Double-Bit Axe
22:08 Castle Age
20:10 Stone Mining
20:10 Gold Mining
20:57 Gold Mining
21:01 Fletching
22:25 Town Watch
27:16 Wheelbarrow
PMar
12:08 Loom
14:29 Feudal Age
17:32 Double-Bit Axe
19:51 Castle Age
18:25 Scale Mail Armor
23:57 Horse Collar
25:21 Squires
27:19 Wheelbarrow
27:32 Chain Mail Armor
16岁少女在公交车上被11个大汉轮流让座
5:05 Loom
5:27 Loom
6:09 Loom
13:59 Feudal Age
15:07 Double-Bit Axe
15:14 Gold Mining
18:52 Castle Age
19:41 Horse Collar
20:13 Bow Saw
20:29 Pikeman
21:55 Heavy Plow
22:18 Scale Mail Armor
26:46 Chain Mail Armor
26:41 Forging
27:50 Wheelbarrow
2987052186
7:15 Loom
16:07 Feudal Age
28:56 Castle Age
Connection lost

Rejoining the realm…

Still unreachable

The connection could not be restored.

Session expired

The server has moved on; the page needs a fresh start.